 Dungeon Crawl Stone Soup version 0.30-a0-174-gbc10bd73c2 (webtiles) character file.

Game seed: 740538379008802678

448 qw the Shield-Bearer (level 7, -17/41 HPs)
             Began as a Gargoyle Fighter on Oct 1, 2022.
             Demolished by an ogre
             ... wielding a +0 giant club
              (29 damage)
             ... on level 5 of the Dungeon.
             The game lasted 00:01:09 (3575 turns).

qw the Shield-Bearer (Gargoyle Fighter)             Turns: 3575, Time: 00:01:10

Health: -17/41     AC: 11    Str: 21      XL:     7   Next: 3%
Magic:  7/7        EV:  6    Int:  8 (9)  God:
Gold:   271        SH: 13    Dex:  9      Spells: 6/6 levels left

rFire   . . .      SeeInvis .    Y - +1 war axe
rCold   + . .      Faith    .    g - +0 tower shield
rNeg    + . .      Spirit   .    b - +0 scale mail
rPois   inf        Reflect  .    (no helmet)
rElec   +          Harm     .    (no cloak)
rCorr   +          Rampage  .    (no gloves)
Will    .....                    (no boots)
Stlth   ..........               (no amulet)
HPRegen 0.26/turn                i - ring of resist corrosion
MPRegen 0.10/turn                l - ring of protection from cold

@: no status effects
A: sickness immunity, AC +4, negative energy resistance 1, electricity
resistance, torment resistance 1, petrification resistance
a: no special abilities


You were on level 5 of the Dungeon.
You visited 1 branch of the dungeon, and saw 5 of its levels.

You collected 271 gold pieces.


Innate Abilities, Weirdness & Mutations

You are immune to sickness and miasma.
Your stone body is resilient. (AC +4)
You are immune to poison.
You resist negative energy. (rN+)
You are resistant to electric shocks. (rElec)
You are resistant to unholy torment.
You are immune to petrification.


   Skills:
 - Level 3.2 Fighting
 - Level 4.4 Axes
 - Level 3.2 Armour
 + Level 6.8 Shields


You had 6 spell levels left.
You didn't know any spells.
Your spell library was empty.

Inventory:

Hand Weapons
 o - a +2 mace of protection
 Y - a +1 war axe (weapon)
Missiles
 j - 2 boomerangs (quivered)
Armour
 b - a +0 scale mail (worn)
 g - a +0 tower shield (worn)
 n - the +4 ring mail of the Hot Ocelot {+Blink rC- rN+}
   (You found it on level 3 of the Dungeon)

   rC:        It makes you vulnerable to cold.
   rN:        It protects you from negative energy.
   +Blink:    It lets you blink.
Jewellery
 a - a ring of resist corrosion
 i - a ring of resist corrosion (left hand)
 l - a ring of protection from cold (right hand)
Scrolls
 h - 3 scrolls of identify
Potions
 d - 2 potions of might
 e - a potion of haste
 f - a potion of attraction
 k - a potion of resistance

Dungeon Overview and Level Annotations

Branches:
Dungeon (5/15)
 Temple: D:4-7

Altars:
Fedhas
Kikubaaqudgha
Ru

Shops:
D:1 (


Message History

The ogre is heavily wounded.
You block the ogre's attack.
You slash the ogre!
The ogre is almost dead.
The ogre hits you with a +0 giant club!!
You hit the ogre.
The ogre is almost dead.
You block the ogre's attack.
You hit the ogre.
The ogre is almost dead.
You block the ogre's attack.
You hit the ogre.
You kill the ogre!
You have reached level 7!
You start resting.
HP restored.
Done exploring.
(D) Dungeon
Where to? (* - list waypoints, Enter - D:5, ? - help)
What level of the Dungeon? (default 1, ? - help)
You climb downwards.
You block the ogre's attack.
There is a stone staircase leading up here.
You hit the ogre.
The ogre is lightly wounded.
The ogre barely misses you.
You hit the ogre but do no damage.
The ogre is lightly wounded.
The ogre hits you with a +0 giant club!!
Ouch! That really hurt!
You slash the ogre!
The ogre is moderately wounded.
You block the ogre's attack.
You completely miss the ogre.
The ogre is moderately wounded.
The ogre barely misses you.
You hit the ogre.
The ogre is heavily wounded.
The ogre hits you with a +0 giant club!!
Ouch! That really hurt!
You die...

###
...
#.#
...
#.#
#.#
#.#
#@#
#O#
#.#
#.#
..#
...
...
....


You could see an ogre.

Vanquished Creatures
  Sigmund (D:4)
  An ogre (D:4)
  A phantom (D:4)
  A jelly (D:4)
  3 adders (D:2)
  2 worms (D:2)
  2 dart slugs
  An orc (D:4)
  10 ball pythons
  7 endoplasms
  3 giant cockroaches
  4 goblins
  10 hobgoblins
  7 jackals
  A quokka (D:1)
  6 bats
  3 frilled lizards
  3 kobolds
  6 rats
72 creatures vanquished.

Vanquished Creatures (others)
  4 plants (D:2)
4 creatures vanquished.

Grand Total: 76 creatures vanquished

Notes
Turn   | Place    | Note
-------+----------+-------------------------------------------
     0 | D:1      | qw the Gargoyle Fighter began the quest for the Orb.
     0 | D:1      | Reached XP level 1. HP: 14/14 MP: 1/1
     0 | D:1      | 0 ||| qw: Version: 0.2-a-13-gfc7b4b4
     0 | D:1      | 0 ||| qw: Game counter: 1835
     0 | D:1      | 0 ||| qw: Always use a shield: true
     0 | D:1      | 0 ||| qw: God list: Okawaru
     0 | D:1      | 0 ||| qw: Allow faded altars: false
     0 | D:1      | 0 ||| qw: Do Orc after D:15 true
     0 | D:1      | 0 ||| qw: Do second Lair branch before Depths: true
     0 | D:1      | 0 ||| qw: Lair rune preference: random
     0 | D:1      | 0 ||| qw: Plans: Normal, Zot:1-4, God:TSO, Crypt, Tomb,
                  | Pan, Slime:5, Hells, Abyss, Orb
     0 | D:1      | 0 ||| PLANNING D:1-11
    59 | D:1      | 59 ||| Stepping ~*~*~tactically~*~*~ (stealth).
   222 | D:1      | 222 ||| Stepping ~*~*~tactically~*~*~ (stealth).
   239 | D:1      | Reached XP level 2. HP: 19/19 MP: 2/2
   251 | D:1      | 251 ||| Stepping ~*~*~tactically~*~*~ (hiding).
   252 | D:1      | 252 ||| Stepping ~*~*~tactically~*~*~ (hiding).
   398 | D:1      | Reached skill level 3 in Axes
   417 | D:1      | Found a faded altar of an unknown god.
   522 | D:1      | Reached XP level 3. HP: 19/23 MP: 3/3
   935 | D:1      | Found Roraoxakhla's Antique Weapon Boutique.
   940 | D:1      | 940 ||| SHOPLISTING whip (65 gold, have 51).
  1105 | D:1      | 1105 ||| UPGRADING to ring of resist corrosion.
  1106 | D:1      | 1106 ||| READING scroll labelled DUYSEA GUSHEUMN.
  1107 | D:1      | 1107 ||| READING 3 scrolls labelled QIFYJI ACZUUCS.
  1108 | D:1      | 1108 ||| READING scroll labelled KIL TAUKEAMEIKH.
  1109 | D:1      | 1109 ||| READING 2 scrolls of identify.
  1109 | D:1      | 1109 ||| IDENTIFYING white potion
  1218 | D:2      | 1218 ||| Stepping ~*~*~tactically~*~*~ (stealth).
  1229 | D:2      | 1229 ||| Stepping ~*~*~tactically~*~*~ (stealth).
  1274 | D:2      | 1274 ||| Stepping ~*~*~tactically~*~*~ (stealth).
  1277 | D:2      | 1277 ||| Stepping ~*~*~tactically~*~*~ (stealth).
  1293 | D:2      | 1293 ||| Stepping ~*~*~tactically~*~*~ (stealth).
  1429 | D:2      | Reached XP level 4. HP: 28/28 MP: 4/4
  1433 | D:2      | 1433 ||| DROPPING +0 club.
  1625 | D:2      | 1625 ||| Stepping ~*~*~tactically~*~*~ (stealth).
  1666 | D:2      | 1666 ||| Stepping ~*~*~tactically~*~*~ (stealth).
  1793 | D:2      | 1793 ||| READING 3 scrolls of identify.
  1793 | D:2      | 1793 ||| IDENTIFYING purple potion
  1794 | D:2      | 1794 ||| READING 2 scrolls of identify.
  1794 | D:2      | 1794 ||| IDENTIFYING blue potion
  1921 | D:3      | 1921 ||| Stepping ~*~*~tactically~*~*~ (stealth).
  2178 | D:3      | Identified the +4 ring mail of the Hot Ocelot {+Blink rC-
                  | rN+}
  2211 | D:3      | 2211 ||| DROPPING +0 whip.
  2366 | D:3      | 2366 ||| Stepping ~*~*~tactically~*~*~ (hiding).
  2559 | D:3      | Found a blossoming altar of Fedhas.
  2559 | D:3      | Found an ancient bone altar of Kikubaaqudgha.
  2687 | D:3      | 2687 ||| UPGRADING to +0 tower shield.
  2697 | D:3      | 2697 ||| DROPPING +0 buckler.
  2698 | D:3      | 2698 ||| DRINKING 2 glowing green potions.
  2699 | D:3      | 2699 ||| DROPPING potion of degeneration.
  2733 | D:4      | Found a sacrificial altar of Ru.
  2863 | D:4      | Noticed a phantom
  2876 | D:4      | Killed a phantom
  2877 | D:4      | Reached skill level 4 in Shields
  2877 | D:4      | Reached XP level 5. HP: 22/32 MP: 5/5
  3000 | D:4      | Noticed Sigmund
  3007 | D:4      | Killed Sigmund
  3008 | D:4      | Reached skill level 6 in Shields
  3008 | D:4      | Reached XP level 6. HP: 24/37 MP: 6/6
  3455 | D:4      | 3455 ||| UPGRADING to ring of protection from cold.
  3456 | D:4      | 3456 ||| READING scroll labelled WAULAR EXZEL.
  3457 | D:4      | 3457 ||| DRINKING 2 metallic yellow potions.
  3458 | D:4      | 3458 ||| DROPPING potion of magic.
  3486 | D:5      | Entered Level 5 of the Dungeon
  3491 | D:5      | 3491 ||| STAIRDANCE
  3498 | D:4      | Reached XP level 7. HP: 22/41 MP: 7/7
  3572 | D:5      | HP: 10/41 [ogre/+0 giant club (31)]
  3575 | D:5      | Demolished by an ogre

Levels and vault maps discovered:
D:1:      psy_arrival_basics, layout_loops_ring, serial_shops,
          nicolae_shop_hallway_stairs, shapermc_ecumenical_altar_ellora,
          minmay_hedge_maze
D:2:      layout_loops_ring, serial_bayou_pond_b
D:3:      layout_loops_corners, grunt_temple_overflow_growth_and_decay,
          chequers_serial_rivers_small_b
D:4:      layout_basic, amcnicky_altar_gilded, uniq_sigmund
D:5:      layout_loops_ring, overflow_temple_1_default,
          grunt_dithmenos_smoke_and_mirrors, jmf_multi_god_temple2,
          minmay_temple_entry_hall, serial_shops, shop

Skill      XL: |  1  2  3  4  5 |
---------------+----------------+-----
Axes           | 2 3 4 |  4.4
Shields        | 4 6 |  6.8
Fighting       | |  3.2
Armour         | |  3.2

Action                   |  1- 3 |  4- 6 |  7- 9 || total
-------------------------+-------+-------+-------++-------
Melee: War axe           |   116 |    96 |     5 ||   217
Throw: Boomerang         |    32 |    38 |       ||    70
  Use: Scroll            |     4 |     3 |       ||     7
       Potion            |       |     2 |       ||     2
Armor: Scale mail        |    63 |    41 |       ||   104
Dodge: Dodged            |    70 |    30 |     2 ||   102
Block: Buckler           |    27 |    10 |       ||    37
       Tower shield      |       |    13 |     2 ||    15

Table legend:
 A = Non-vault XP
 B = Vault XP
 C = Vault XP percentage of total XP
 D = Non-vault monster count
 E = Vault monster count
 F = Vault count percentage of total count
                 A         B        C        D         E       F
            +---------+---------+-------+---------+---------+-------
      Total |     408 |     232 |  36.2 |      62 |      10 |  13.9
            +---------+---------+-------+---------+---------+-------
        D:1 |      39 |       0 |   0.0 |      24 |       0 |   0.0
        D:2 |      69 |      18 |  20.7 |      18 |       9 |  33.3
        D:3 |      23 |       0 |   0.0 |      12 |       0 |   0.0
        D:4 |     277 |     214 |  43.6 |       8 |       1 |  11.1
            +---------+---------+-------+---------+---------+-------
